 Dungeon Crawl Stone Soup version 0.22-b1-26-g9dbaab1 (webtiles) character file.

67 Lilu the Conjurer (level 3, -2/19 HPs)
             Began as a Deep Elf Conjurer on Aug 8, 2018.
             Killed from afar by Ijyb (11 damage)
             ... with a wand of flame (12)
             ... on level 2 of the Dungeon.
             The game lasted 00:03:58 (1217 turns).

Lilu the Conjurer (Deep Elf Conjurer)               Turns: 1217, Time: 00:03:59

Health: -2/19      AC:  2    Str:  6    XL:     3   Next: 98%
Magic:  4/9        EV: 13    Int: 19    God:
Gold:   56         SH:  3    Dex: 15    Spells: 5/8 levels left

rFire    . . .     SeeInvis .   f - +0 club
rCold    + . .     Gourm    .   (no shield)
rNeg     . . .     Faith    .   a - +0 robe
rPois    .         Spirit   .   (no helmet)
rElec    .         Reflect  +   (no cloak)
rCorr    .         Harm     .   (no gloves)
MR       +....                  (no boots)
Stlth    ++........             e - +3 amulet of reflection
HPRegen  0.06/turn              k - ring of protection from cold
MPRegen  0.11/turn              m - ring of protection from magic

@: no status effects
A: no striking features
a: no special abilities


You were on level 2 of the Dungeon.
You were not hungry.

You visited 1 branch of the dungeon, and saw 2 of its levels.

You collected 56 gold pieces.

Inventory:

Hand Weapons
 f - a +0 club (weapon)
Armour
 a - a +0 robe (worn)
Jewellery
 e - a +3 amulet of reflection (around neck)
 k - a ring of protection from cold (left hand)
 m - a ring of protection from magic (right hand)
Scrolls
 d - 2 scrolls of identify {unknown}
 g - 2 scrolls of teleportation {unknown}
 i - a scroll of enchant armour {unknown}
 j - a scroll of fear {unknown}
Potions
 b - a potion of haste {unknown}
 h - a potion of ambrosia {unknown}
 l - 2 potions of mutation {unknown}
Comestibles
 c - 3 rations


   Skills:
 - Level 2.4 Dodging
 - Level 2.4 Stealth
 - Level 3.0 Spellcasting
 + Level 6.1 Conjurations


You had 5 spell levels left.
You knew the following spells:

 Your Spells              Type           Power        Failure   Level  Hunger
a - Magic Dart            Conj           ####         1%          1    None
b - Searing Ray           Conj           ####..       1%          2    ##.....

Your spell library contained the following spells:

 Spells                   Type           Power        Failure   Level  Hunger
 Iskenderun's Mystic Bla  Conj           ####....     12%         4    ####...
 Fulminant Prism          Conj/Hex       ##........   38%         4    ####...
 Dazzling Spray           Conj/Hex       ##....       13%         3    ###....
 Force Lance              Conj/Tloc      ##......     38%         4    ####...


Dungeon Overview and Level Annotations

Branches:
Dungeon (2/15)

Altars:

Annotations:
D:2 Ijyb


Message History

Confirm with . or Enter, or press ? or * to list all spells.
Aiming: Magic Dart (safe; 1% risk of failure)
Press: ? - help, Shift-Dir - straight line, f/p - goblin
Aim: a goblin, wielding a club (severely wounded)
The magic dart hits the goblin.
You kill the goblin!
You see here a club.
Things that are here:
a club; a goblin corpse You butcher the goblin corpse.
n - a chunk of flesh You see here a club.
Eat a chunk of flesh? (ye/n/q)
You eat the chunk of flesh.
This raw flesh tastes terrible.
You start resting.
Ijyb the Twisted Goblin comes into view.
Ijyb shouts!
Ijyb zaps a wand.
The puff of flame hits you!
Ouch! That really hurt!
You die...

..####### #......###.
#######.†##...#######.####.
8.8.8.8...#......# #...##.
....)g....#......# ###.##.
..........#......######.##.
...........)..)............
g.........#).....##.###.##.
.................##.# #.##.
8.8.8.8..#@###...##.# #.##.
#######..#.# ######.# #.#..
...##.# #.# #.#.. ######..
######.###.#.. ##.
#.........^...
.##.####.#####.. .#
#......... .. #..####...
##..####...


You could see Ijyb.

Vanquished Creatures
  A gnoll (D:1)
  An adder (D:2)
  3 dart slugs (D:1)
  A leopard gecko (D:1)
  A giant cockroach (D:2)
  13 goblins
  3 hobgoblins
  7 kobolds
  A ball python (D:2)
  4 bats (D:1)
  2 frilled lizards (D:1)
  4 rats
41 creatures vanquished.

Notes
Turn   | Place    | Note
-------+----------+-------------------------------------------
     0 | D:1      | Lilu the Deep Elf Conjurer began the quest for the Orb.
     0 | D:1      | Reached XP level 1. HP: 10/10 MP: 6/6
   258 | D:1      | Reached XP level 2. HP: 15/15 MP: 2/8
   291 | D:1      | Reached skill level 5 in Conjurations
   309 | D:1      | Learned a level 2 spell: Searing Ray
   470 | D:1      | Reached XP level 3. HP: 9/19 MP: 3/9
  1094 | D:2      | Reached skill level 6 in Conjurations
  1215 | D:2      | Noticed Ijyb
  1217 | D:2      | Killed from afar by Ijyb

Skill      XL: |  1  2  3 |
---------------+----------+-----
Conjurations   | 5 6 |  6.1
Dodging        | |  2.4
Stealth        | |  2.4
Spellcasting   | |  3.0

Action                   || total
-------------------------++-------
Melee: Club              ||    21
 Cast: Magic Dart        ||    68
       Searing Ray       ||     2
  Eat: Chunk             ||     1
Armor: Robe              ||     3
Dodge: Dodged            ||    22
Block: Other             ||     3
